 Dungeon Crawl Stone Soup version 0.29-a0-472-ge5599a681e (webtiles) character file.

Game seed: 17005629290115730793

178951 Pelinal the Unseen (level 18, -3/107 HPs)
             Began as a Gargoyle Earth Elementalist on May 23, 2022.
             Was an Elder of Sif Muna.
             Shot with an arrow by a deep elf master archer (38 damage)
             ... on level 3 of the Elven Halls.
             The game lasted 02:11:35 (36724 turns).

Pelinal the Unseen (Gargoyle Earth Elementalist)   Turns: 36724, Time: 02:11:36

Health: -3/107     AC: 20    Str: 13    XL:     18   Next: 22%
Magic:  7/29       EV: 15    Int: 29    God:    Sif Muna [****..]
Gold:   462        SH:  8    Dex: 10    Spells: 12/32 levels left

rFire   + . .      SeeInvis +   e - +4 quick blade (elec)
rCold   + . .      Faith    .   K - +2 buckler
rNeg    + + .      Spirit   .   s - +2 robe {Will+}
rPois   ∞          Reflect  .   G - -2 hat of the Alchemist {rElec rPois rF+ rC+ rN+ Will+ rMut rCorr}
rElec   +          Harm     .   w - +0 cloak
rCorr   +          Rampage  .   l - +0 pair of gloves
rMut    +                       k - +2 pair of boots
Will    +++..                   P - amulet of regeneration
Stlth   ++++++....              i - ring of see invisible
HPRegen 1.07/turn               x - +6 ring of intelligence
MPRegen 0.21/turn

@: channelling, flying
A: sickness immunity, AC +13, big wings, negative energy resistance 1,
electricity resistance, torment resistance 1, petrification resistance
a: Renounce Religion, Channel Magic, Forget Spell, Divine Exegesis


You were on level 3 of the Elven Halls.
You worshipped Sif Muna.
Sif Muna was greatly pleased with you.
You visited 5 branches of the dungeon, and saw 27 of its levels.
You also visited: Ossuary and Wizlab.

You collected 2612 gold pieces.
You spent 2150 gold pieces at shops.

Inventory:

Hand Weapons
 e - a +4 quick blade of electrocution (weapon)
 W - a +9 dagger of venom
Missiles
 a - 275 stones
 m - 5 atropa-tipped darts
 I - 20 poisoned darts (quivered)
 N - 5 throwing nets
Armour
 k - a +2 pair of boots (worn)
 l - a +0 pair of gloves (worn)
 s - a +2 robe of willpower (worn)
 w - a +0 cloak (worn)
 G - the -2 hat of the Alchemist (worn) {rElec rPois rF+ rC+ rN+ Will+ rMut rCorr}
   (You found it in a wizard's laboratory)

   rF:        It protects you from fire.
   rC:        It protects you from cold.
   rElec:     It insulates you from electricity.
   rPois:     It protects you from poison.
   rN:        It protects you from negative energy.
   rCorr:     It protects you from acid and corrosion.
   rMut:      It protects you from mutation.
   Will:      It increases your willpower.
 K - a +2 buckler (worn)
Jewellery
 d - a ring of willpower
 i - a ring of see invisible (left hand)
 p - a ring of protection from cold
 u - an amulet of faith
 v - a +4 ring of protection
 x - a +6 ring of intelligence (right hand)
 P - an amulet of regeneration (around neck)
Wands
 z - a wand of iceblast (8)
 B - a wand of acid (20)
 E - a wand of mindburst (6)
 L - a wand of digging (2)
 T - a wand of polymorph (6)
 X - a wand of flame (21)
Scrolls
 o - a scroll of torment
 r - 2 scrolls of immolation
 y - 4 scrolls of enchant armour
 A - 2 scrolls of poison
 C - 7 scrolls of amnesia
 D - 6 scrolls of summoning
 J - 3 scrolls of identify
 M - 2 scrolls of fear
 S - 7 scrolls of teleportation
 Z - 2 scrolls of blinking
Potions
 b - 6 potions of might
 c - 6 potions of magic
 f - 2 potions of lignification
 g - 7 potions of curing
 j - 3 potions of heal wounds
 n - 2 potions of cancellation
 q - 2 potions of berserk rage
 t - 17 potions of mutation
 F - 2 potions of ambrosia
 O - 3 potions of attraction
 Q - 3 potions of invisibility
 R - 3 potions of resistance
 U - 2 potions of brilliance
 V - a potion of haste
Miscellaneous
 h - a box of beasts
 Y - a phial of floods


   Skills:
 - Level 10.0 Fighting
 - Level 6.0 Throwing
 - Level 10.0 Dodging
 - Level 15.0 Stealth
 - Level 10.0 Shields
 + Level 7.5 Spellcasting
 * Level 11.5 Conjurations
 - Level 10.0 Necromancy
 - Level 7.8 Transmutations
 + Level 13.9 Earth Magic
 - Level 9.0 Invocations
 - Level 5.0 Evocations


You had 12 spell levels left.
You knew the following spells:

 Your Spells              Type           Power      Damage    Failure   Level
a - Sandblast             Erth           100%       2d20      1%          1
b - Stone Arrow           Conj/Erth      100%       3d13      1%          3
c - Petrify               Tmut/Erth      65%        N/A       1%          4
d - Lee's Rapid Deconstr  Erth           37%        3d20*     1%          5
e - Borgnjor's Vile Clut  Necr/Erth      34%        N/A       1%          5
A - Passwall              Tmut/Erth      54%        N/A       1%          2

Your spell library contained the following spells:

 Spells                   Type           Power      Damage    Failure   Level
 Beastly Appendage        Tmut           100%       N/A       1%          1
 Searing Ray              Conj           100%       2d8       1%          2
 Dazzling Flash           Conj/Hex       88%        N/A       1%          3
 Iskenderun's Battlesphe  Conj           67%        2d12      1%          5
 Mephitic Cloud           Conj/Pois/Air  33%        N/A       3%          3
 Spider Form              Tmut/Pois      33%        N/A       3%          3
 Leda's Liquefaction      Hex/Erth       25%        N/A       3%          4
 Irradiate                Conj/Tmut      30%        3d23      3%          5
 Iskenderun's Mystic Bla  Conj/Tloc      44%        2d10      5%          4
 Apportation              Tloc           20%        N/A       6%          1
 Blade Hands              Tmut           27%        N/A       6%          5
 Anguish                  Hex/Necr       19%        N/A       8%          4
 Ensorcelled Hibernation  Hex/Ice        20%        N/A       9%          2
 Fireball                 Conj/Fire      22%        3d10      14%         5
 Call Canine Familiar     Summ           10%        N/A       17%         3
 Portal Projectile        Hex/Tloc       20%        N/A       17%         3
 Alistair's Intoxication  Tmut/Pois      22%        N/A       32%         5
 Yara's Violent Unravell  Hex/Tmut       16%        3d8       32%         5
 Orb of Destruction       Conj           33%        9d10      38%         7
 Passage of Golubria      Tloc           10%        N/A       50%         4
 Conjure Ball Lightning   Conj/Air       22%        3x3d6     63%         6
 Starburst                Conj/Fire      22%        6d7       63%         6
 Simulacrum               Ice/Necr       19%        N/A       75%         6
 Silence                  Hex/Air        5%         N/A       85%         5
 Dragon Form              Tmut           27%        N/A       89%         7
 Lehudib's Crystal Spear  Conj/Erth      35%        10d9      90%         8
 Borgnjor's Revivificati  Necr           31%        N/A       99%         8
 Statue Form              Tmut/Erth      Unusable   N/A       N/A         6

Dungeon Overview and Level Annotations

Branches:
Dungeon (15/15)            Temple (1/1) D:7            Lair (6/6) D:8
  Swamp (0/4) Lair:3        Snake (0/4) Lair:4        Slime (0/5) Lair:6
    Orc (2/2) D:12            Elf (3/3) Orc:2        Vaults (0/5) D:14
 Depths (0/4) D:15        Ossuary (visited)          WizLab (visited)

Altars:
Ashenzari
Cheibriados
Dithmenos
Elyvilon
Fedhas
Gozag
Hepliaklqana
Kikubaaqudgha
Makhleb
Nemelex Xobeh
Okawaru
Qazlal
Ru
Sif Muna
Trog
Uskayaw
Vehumet
Wu Jian
Xom
Yredelemnul
Zin
The Shining One
Beogh

Shops:
D:2 [   D:5 [*   D:6 !   D:10 :   Orc:2 !=(*[   Elf:1 ?   Elf:3 [

Annotations:
D:6 Sigmund
D:11 2 transporters, kairosrom117's ghost, journeyman DrFE
Lair:4 6 runed translucent doors, exclusions: 3 doors and 1 more exclusion
Elf:1 3 runed translucent doors, zazu2006's ghost, adept GnWn


Innate Abilities, Weirdness & Mutations

You are immune to sickness and miasma.
Your stone body is resilient. (AC +13)
You are immune to poison.
Your large and strong wings let you fly.
You resist negative energy. (rN+)
You are resistant to electric shocks. (rElec)
You are resistant to unholy torment.
You are immune to petrification.


Message History

Confirm with . or Enter, or press ? or * to list all spells.
Aiming: Lee's Rapid Deconstruction (mildly dangerous; 1% risk of failure)
Press: ? - help, Dir - move target A stone wall.
The wall shatters!
The blast of rock fragments hits the deep elf master archer!!
The deep elf master archer is heavily wounded.
The deep elf master archer shoots an arrow.
The arrow hits you!!
You hear a shout!
Unknown command.
Unknown command.
As you read the scroll of fog, it crumbles to dust.
The scroll dissolves into smoke.
The deep elf master archer shoots an arrow.
The arrow hits you!!
* * * LOW HITPOINT WARNING * * *
You feel much better.
Okay, then.
You feel much better.
Casting: Lee's Rapid Deconstruction (mildly dangerous; 1% risk of failure)
Confirm with . or Enter, or press ? or * to list all spells.
You don't have enough magic to cast this spell.
Unknown command.
Unknown command.
The deep elf master archer shoots an arrow.
The arrow hits you!
The deep elf master archer shoots an arrow.
The arrow hits you!!
You hear a shout!
Casting: Lee's Rapid Deconstruction (mildly dangerous; 1% risk of failure)
Confirm with . or Enter, or press ? or * to list all spells.
Aiming: Borgnjor's Vile Clutch (mildly dangerous; 1% risk of failure)
Press: ? - help, Shift-Dir - straight line, f - deep elf master archer
Aim: a deep elf master archer, wielding a +0 longbow and wearing a +0 leather armour (moderately wounded, 100% to hit)
Zombie hands grab the deep elf master archer.
The zombie hands constrict the deep elf master archer!
The deep elf master archer shoots an arrow.
The arrow hits you!!!
You die...

####### #.###.#
.##.⌠.## ####'###+##
.#.....# #.....#...##
.'..<.⌠# #......)...##
.#.....# #...........#
.##.⌠.## #...........#
####### #...........# #
#..§.......##
############.§..@...##
#......#...§.§###....##
............§§§#§.....#
............§§§§§e§...#
.............§§§§.§..##
#..........).§§§§§..##
##.........)....##++#
###'##'##..)'#####.
....##.#..))........


You could see a deep elf master archer (clutched).

Vanquished Creatures
  A mutant beast (WizLab)
  Rupert (Lair:5)
  A deep elf blademaster (Elf:3)
  A deep elf master archer (Elf:3)
  Kirke (D:14)
  A ghost moth (shapeshifter) (D:14)
  An orc warlord (Orc:2)
  4 deep elf sorcerers (Elf:3)
  A deep elf elementalist (Elf:3)
  An ironbound preserver (D:14)
  4 very ugly things (WizLab)
  3 deep elf demonologists
  4 deep elf annihilators (Elf:3)
  Snorg (D:12)
  5 deep elf death magi
  An ettin (D:15)
  3 deep elf high priests (Elf:3)
  11 hydras
  Fannar (Lair:3)
  4 boulder beetles
  6 two-headed ogres
  A catoblepas (D:14)
  5 centaur warriors
  8 death yaks
  33 dancing weapons
  An orc high priest (Orc:2)
  Urug (Lair:3)
  A tengu warrior (D:14)
  18 deep elf knights
  A sun demon (D:14)
  Amaemon (Lair:2)
  A goliath frog (Lair:6)
  A necromancer (D:15)
  21 deep elf pyromancers
  33 deep elf zephyrmancers
  2 wizards (D:14)
  4 orc knights
  8 deep elf archers
  5 orc sorcerers
  2 oklob plants
  2 salamanders (shapeshifter) (WizLab)
  7 ugly things
  2 wolf spiders (Lair:4)
  8 cyclopes
  A manticore (D:12)
  13 elephants
  2 black mambas (shapeshifter) (WizLab)
  A guardian serpent (shapeshifter) (WizLab)
  A water nymph (shapeshifter) (WizLab)
  Joseph (D:7)
  7 black mambas
  18 cane toads
  A cane toad (shapeshifter) (WizLab)
  An orange demon (Lair:3)
  A rime drake (shapeshifter) (WizLab)
  2 komodo dragons (shapeshifter) (WizLab)
  An ice devil (D:14)
  9 komodo dragons
  Psyche (D:8)
  A yaktaur (shapeshifter) (WizLab)
  2 rime drakes
  3 unseen horrors (shapeshifter) (WizLab)
  2 tyrant leeches (Lair:6)
  2 polar bears (shapeshifter) (WizLab)
  11 polar bears
  A meliai (shapeshifter) (WizLab)
  A troll (shapeshifter) (WizLab)
  A tarantella (shapeshifter) (WizLab)
  2 hornets (shapeshifter) (WizLab)
  11 trolls
  A wind drake (shapeshifter) (WizLab)
  A tyrant leech (shapeshifter) (WizLab)
  A tarantella (D:13)
  A dream sheep (Lair:2)
  2 hornets (D:9)
  A raiju (shapeshifter) (WizLab)
  6 slime creatures
  A dream sheep (shapeshifter) (WizLab)
  20 blink frogs
  2 jumping spiders (Lair:4)
  6 small abominations (WizLab)
  A jumping spider (shapeshifter) (WizLab)
  8 air elementals
  2 shadows
  A spriggan (Lair:2)
  A wraith (D:11)
  2 wyverns
  13 water elementals
  37 yaks
  A human (shapeshifter) (WizLab)
  2 yaks (shapeshifter) (WizLab)
  A golden eye (shapeshifter) (WizLab)
  5 vampire mosquitoes (Lair:6)
  Grum (D:8)
  7 large abominations (WizLab)
  2 steam dragons
  An iron golem (WizLab)
  6 basilisks
  2 redbacks (D:13)
  3 wargs
  3 nagas (Lair:4)
  A swamp worm (shapeshifter) (WizLab)
  5 acid dragons
  9 water moccasins
  4 floating eyes (WizLab)
  3 ice beasts
  28 orc warriors
  A sky beast (D:8)
  6 black bears
  15 wolves
  5 ogres
  3 boggarts (D:15)
  A sky beast (shapeshifter) (WizLab)
  8 centaurs
  A kobold brigand (D:9)
  16 bullfrogs
  A bullfrog (shapeshifter) (WizLab)
  2 gnoll sergeants
  2 scorpions (D:6)
  A necrophage (D:4)
  7 earth elementals
  3 wights (D:8)
  10 killer bees (D:9)
  7 electric eels
  4 howler monkeys
  4 crimson imps (D:14)
  2 jellies (D:5)
  A gnoll shaman (D:4)
  5 hounds
  20 orc priests
  Crazy Yiuf (D:3)
  4 iguanas
  Terence (D:3)
  25 orc wizards
  A hell rat (D:7)
  2 centaur simulacra
  11 mummies (Ossuary)
  A killer bee simulacrum (D:8)
  Robin (D:3)
  9 gnolls
  3 river rats (D:8)
  6 adders
  A shadow imp (D:6)
  11 white imps
  A howler monkey simulacrum (D:8)
  6 ufetubi
  3 worms
  A dart slug (D:4)
  61 orcs
  9 ball pythons
  6 endoplasms
  3 giant cockroaches
  12 goblins
  6 hobgoblins
  4 jackals
  7 quokkas
  4 bats
  3 frilled lizards (D:2)
  A gnoll skeleton (Ossuary)
  2 goblin skeletons (Ossuary)
  7 kobolds
  2 kobold skeletons (Ossuary)
  3 orc skeletons (Ossuary)
  5 rats
  11 rat skeletons (Ossuary)
869 creatures vanquished.

Vanquished Creatures (collateral kills)
  A death yak (Lair:3)
  2 elephants (Lair:6)
3 creatures vanquished.

Vanquished Creatures (others)
  A tengu conjurer (D:14)
  An air elemental (Elf:1)
  A human (D:14)
  64 fungi
  158 plants
  11 withered plants (D:9)
236 creatures vanquished.

Grand Total: 1108 creatures vanquished

Notes
Turn   | Place    | Note
-------+----------+-------------------------------------------
     0 | D:1      | Pelinal the Gargoyle Earth Elementalist began the quest for
                  | the Orb.
     0 | D:1      | Reached XP level 1. HP: 10/10 MP: 3/3
   115 | D:1      | Reached XP level 2. HP: 12/15 MP: 1/5
   836 | D:1      | Reached XP level 3. HP: 19/19 MP: 6/6
  1220 | D:2      | Reached skill level 3 in Stealth
  1455 | D:2      | Reached skill level 5 in Earth Magic
  1596 | D:2      | Found a faded altar of an unknown god.
  1662 | D:2      | Reached XP level 4. HP: 24/24 MP: 5/7
  1798 | D:2      | Found Uneawn's Antique Armour Emporium.
  1802 | D:2      | Bought a glowing robe for 81 gold pieces
  2006 | D:3      | Reached XP level 5. HP: 23/28 MP: 1/8
  2092 | D:3      | Noticed Robin
  2214 | D:3      | Found a runed translucent door.
  2215 | D:3      | Noticed Crazy Yiuf
  2224 | D:3      | Killed Crazy Yiuf
  2233 | D:3      | Identified the +11 mace of Ignis's Righteous Fury {elec,
                  | *Corrode rPois Dex+4}
  2315 | D:3      | Found a shadowy altar of Dithmenos.
  2455 | D:3      | Reached skill level 4 in Stealth
  2485 | D:3      | Noticed Terence
  2494 | D:3      | Killed Terence
  2564 | D:3      | Reached XP level 6. HP: 24/32 MP: 3/9
  2568 | D:3      | Killed Robin
  2904 | D:4      | Found a basalt altar of Yredelemnul.
  2904 | D:4      | Found a sacrificial altar of Ru.
  3238 | D:4      | Reached skill level 5 in Stealth
  3317 | D:4      | Learned a level 2 spell: Passwall
  3533 | D:4      | Found a glowing golden altar of the Shining One.
  3536 | D:4      | Found a snail-covered altar of Cheibriados.
  3546 | D:4      | Found a blossoming altar of Fedhas.
  3546 | D:4      | Found a white marble altar of Elyvilon.
  3558 | D:4      | Became a worshipper of Elyvilon the Healer
  3789 | D:5      | Entered Level 5 of the Dungeon
  3795 | D:5      | Reached XP level 7. HP: 36/36 MP: 10/10
  3876 | D:5      | Found a sand-covered staircase.
  3880 | Ossuary  | Entered an ossuary
  4022 | Ossuary  | Reached skill level 1 in Invocations
  4619 | D:5      | Found Nuasayl's Assorted Antiques.
  4745 | D:5      | Found Qynlab's Armour Shoppe.
  5179 | D:5      | Reached * piety under Elyvilon
  5310 | D:6      | Noticed Sigmund
  5535 | D:6      | Learned a level 3 spell: Stone Arrow
  5592 | D:6      | Found Ufaal's Distillery.
  5597 | D:6      | Bought a potion of heal wounds for 70 gold pieces
  5656 | D:6      | Reached skill level 6 in Stealth
  5656 | D:6      | Reached XP level 8. HP: 41/41 MP: 11/11
  5744 | D:6      | Found a broken altar of Ashenzari.
  6334 | D:7      | Reached ** piety under Elyvilon
  6457 | D:7      | Found a staircase to the Ecumenical Temple.
  6478 | Temple   | Entered the Ecumenical Temple
  6531 | Temple   | Fell from the grace of Elyvilon
  6531 | Temple   | Became a worshipper of Sif Muna the Loreminder
  6602 | D:7      | Noticed Joseph
  6790 | D:8      | Noticed a polar bear
  6802 | D:8      | Noticed a death yak
  6852 | D:7      | Killed Joseph
  6853 | D:7      | Reached skill level 1 in Throwing
  6853 | D:7      | Reached skill level 7 in Stealth
  6853 | D:7      | Reached skill level 10 in Earth Magic
  7034 | D:8      | Reached skill level 5 in Invocations
  7034 | D:8      | Reached XP level 9. HP: 28/45 MP: 2/12
  7139 | D:8      | Noticed a polar bear
  7151 | D:8      | Killed a polar bear
  7395 | D:8      | Noticed Grum
  7407 | D:8      | Killed Grum
  7408 | D:8      | Reached skill level 8 in Stealth
  7625 | D:8      | Reached skill level 1 in Evocations
  7762 | D:8      | Killed a polar bear
  7866 | D:8      | Noticed a death yak
  7901 | D:9      | Noticed a two-headed ogre
  7974 | D:8      | Found a staircase to the Lair.
  7986 | D:8      | Noticed a death yak
  8031 | D:8      | Reached skill level 9 in Stealth
  8132 | D:7      | Learned a level 4 spell: Petrify
  8174 | Lair:1   | Entered Level 1 of the Lair of Beasts
  8176 | Lair:1   | Noticed a komodo dragon
  8177 | Lair:1   | Noticed a black mamba
  8179 | Lair:1   | Reached * piety under Sif Muna
  8180 | Lair:1   | Reached skill level 1 in Transmutations
  8183 | Lair:1   | Killed a black mamba
  8184 | Lair:1   | Reached XP level 10. HP: 50/50 MP: 8/14
  8194 | Lair:1   | Reached skill level 5 in Throwing
  8286 | Lair:1   | Noticed a cane toad
  8290 | Lair:1   | Killed a cane toad
  8383 | Lair:1   | Noticed a cane toad
  8386 | Lair:1   | Noticed a black mamba
  8390 | Lair:1   | Killed a cane toad
  8393 | Lair:1   | Noticed a cane toad
  8394 | Lair:1   | Killed a black mamba
  8960 | Lair:1   | Killed a cane toad
  8975 | Lair:1   | Reached skill level 5 in Evocations
  9383 | Lair:2   | Reached skill level 1 in Conjurations
  9479 | Lair:2   | Noticed a cane toad
  9485 | Lair:2   | Killed a cane toad
  9547 | Lair:2   | Noticed a cane toad
  9554 | Lair:2   | Killed a cane toad
  9555 | Lair:2   | Reached XP level 11. HP: 54/54 MP: 0/15
  9684 | Lair:2   | Reached skill level 5 in Transmutations
  9811 | Lair:2   | Reached skill level 5 in Conjurations
 10183 | Lair:3   | Noticed a death yak
 10244 | Lair:3   | Noticed Amaemon
 10251 | Lair:2   | Killed Amaemon
 10343 | Lair:3   | Noticed an oklob plant
 10369 | Lair:3   | Found a staircase to the Swamp.
 10376 | Lair:3   | Noticed Urug
 10534 | Lair:3   | Noticed Fannar
 10610 | Lair:3   | Noticed a death yak
 10612 | Lair:3   | Noticed a death yak
 10613 | Lair:3   | Noticed a death yak
 10614 | Lair:3   | Noticed a death yak
 11216 | D:8      | Noticed Psyche
 11240 | D:9      | Noticed a two-headed ogre
 11259 | D:9      | Found an ancient bone altar of Kikubaaqudgha.
 11356 | D:9      | Reached ** piety under Sif Muna
 11404 | D:8      | Killed Psyche
 11405 | D:8      | Reached skill level 5 in Dodging
 11869 | Lair:3   | Reached XP level 12. HP: 59/59 MP: 4/16
 11967 | Lair:3   | Killed Fannar
 12062 | Lair:3   | Killed Urug
 12467 | Lair:3   | Killed a death yak
 12530 | Lair:3   | Noticed a death yak
 12537 | Lair:3   | Killed a death yak
 12543 | Lair:3   | Killed a death yak
 12543 | Lair:3   | Killed a death yak
 12543 | Lair:3   | Killed a death yak
 12543 | Lair:3   | Killed a death yak
 12947 | Lair:3   | Found a sacrificial altar of Ru.
 13187 | Lair:4   | Noticed an eight-headed hydra
 13211 | Lair:4   | Killed an eight-headed hydra
 13437 | Lair:4   | Found a runed translucent door.
 13440 | Lair:4   | Found the +8 whip "Snakebite" {venom, curare, rPois}
 13644 | Lair:4   | Found a runed translucent gate.
 13645 | Lair:4   | Noticed a boulder beetle
 13645 | Lair:4   | Noticed a boulder beetle
 13647 | Lair:4   | Found a runed translucent gate.
 13659 | Lair:4   | Found a runed translucent gate.
 13659 | Lair:4   | Found a runed translucent gate.
 13659 | Lair:4   | Found a runed translucent gate.
 13659 | Lair:4   | Noticed a boulder beetle
 13660 | Lair:4   | Found a runed translucent gate.
 13660 | Lair:4   | Noticed a boulder beetle
 13686 | Lair:4   | Found a staircase to the Snake Pit.
 13948 | Lair:4   | Reached *** piety under Sif Muna
 13951 | Lair:4   | Reached XP level 13. HP: 54/63 MP: 10/17
 14048 | Lair:4   | Reached skill level 1 in Shields
 14643 | Lair:5   | Reached skill level 1 in Fighting
 14796 | Lair:5   | Noticed Rupert
 14799 | Lair:5   | Found a sparkling altar of Nemelex Xobeh.
 15174 | Lair:5   | Killed Rupert
 15755 | Lair:6   | Entered Level 6 of the Lair of Beasts
 16352 | Lair:6   | Reached skill level 5 in Fighting
 16520 | Lair:6   | Reached skill level 10 in Dodging
 16672 | Lair:6   | Reached skill level 5 in Shields
 17208 | Lair:6   | Gained mutation: Your large and strong wings let you fly.
                  | [Gargoyle growth]
 17208 | Lair:6   | Reached XP level 14. HP: 80/80 MP: 8/19
 17308 | Lair:6   | Identified the +4 scale mail "Guzez" {rElec}
 17315 | Lair:6   | Identified the +6 flail "Dogh" {flame, rCorr Str+3 Int+3}
 17337 | Lair:6   | Reached **** piety under Sif Muna
 17520 | Lair:6   | Found a staircase to the Slime Pits.
 17573 | Lair:6   | Identified the +1 chain mail of Chimes {rElec rCorr}
 18424 | Lair:6   | Reached skill level 10 in Stealth
 19638 | D:9      | Found a burning altar of Makhleb.
 19754 | D:10     | Entered Level 10 of the Dungeon
 20659 | D:10     | Found Gicwoigg's Book Emporium.
 20667 | D:10     | Bought a book of the Earth for 576 gold pieces
 20673 | D:10     | Learned a level 5 spell: Lee's Rapid Deconstruction
 20996 | D:11     | Found a transporter.
 21014 | D:11     | Identified the +4 giant spiked club "Xuelun" {venom, +Blink
                  | rCorr Str-4 Int+2 Dex-5}
 21017 | D:11     | Noticed kairosrom117's ghost (journeyman DrFE)
 21052 | D:11     | Reached ***** piety under Sif Muna
 21329 | D:11     | Received a gift from Sif Muna
 21524 | D:11     | Reached skill level 11 in Stealth
 22770 | D:11     | Found a transporter.
 23206 | D:12     | Reached XP level 15. HP: 51/90 MP: 14/21
 23427 | D:12     | Noticed Snorg
 23437 | D:12     | Killed Snorg
 23597 | D:12     | Found a staircase to the Orcish Mines.
 24426 | Orc:1    | Entered Level 1 of the Orcish Mines
 24528 | Orc:2    | Entered Level 2 of the Orcish Mines
 24539 | Orc:2    | Found a staircase to the Elven Halls.
 24884 | Orc:2    | Noticed an orc warlord
 24896 | Orc:2    | Received a gift from Sif Muna
 24919 | Orc:2    | Killed an orc warlord
 24920 | Orc:2    | Reached skill level 10 in Fighting
 24920 | Orc:2    | Reached skill level 12 in Stealth
 25012 | Orc:2    | Got Cankecui's Collected Works on Attacks and Unholy
                  | Secrets {god gift}
 25754 | Orc:2    | Found Wedeutud's Antique Armour Shoppe.
 25832 | Orc:2    | Bought a heavy robe for 159 gold pieces
 25832 | Orc:2    | Identified the +0 robe of Wu Jian, Keeping {+Blink rC+
                  | Will-} (You bought it in a shop on level 2 of the Orcish
                  | Mines)
 25844 | Orc:2    | Found Fylosch's General Store.
 25851 | Orc:2    | Bought 15 stones for 22 gold pieces
 25871 | Orc:2    | Found Zyups's Antique Weapon Shoppe.
 25898 | Orc:2    | Found Tuafob's Jewellery Shoppe.
 25943 | Orc:2    | Found a radiant altar of Vehumet.
 25985 | Orc:2    | Found Heger's Distillery.
 25991 | Orc:2    | Bought 2 potions of resistance for 260 gold pieces
 25991 | Orc:2    | Bought a potion of magic for 104 gold pieces
 25991 | Orc:2    | Bought a potion of heal wounds for 65 gold pieces
 25991 | Orc:2    | Bought a potion of invisibility for 104 gold pieces
 25991 | Orc:2    | Bought a potion of heal wounds for 65 gold pieces
 25991 | Orc:2    | Bought a potion of heal wounds for 65 gold pieces
 26939 | D:13     | Reached skill level 10 in Shields
 27269 | D:13     | You are sucked into a shaft and drop 2 floors!
 27269 | D:15     | Entered Level 15 of the Dungeon
 27269 | D:15     | Found a shimmering blue altar of Sif Muna.
 27828 | D:14     | Reached skill level 13 in Stealth
 28140 | D:13     | Learned a level 5 spell: Borgnjor's Vile Clutch
 28359 | D:14     | Found a gate to the Vaults.
 28370 | D:14     | Reached skill level 1 in Necromancy
 28599 | D:14     | Noticed Kirke
 28606 | D:14     | Killed Kirke
 28790 | D:14     | Noticed a ghost moth
 28794 | D:14     | Killed a ghost moth
 29425 | D:15     | Reached skill level 14 in Stealth
 29445 | D:15     | Reached XP level 16. HP: 67/97 MP: 7/22
 29632 | Elf:1    | Entered Level 1 of the Elven Halls
 29794 | Elf:1    | Found a runed translucent gate.
 29795 | Elf:1    | Found a runed translucent gate.
 29795 | Elf:1    | Found a runed translucent gate.
 29798 | Elf:1    | Found Etoore's Magic Scroll Shop.
 29802 | Elf:1    | Bought 3 scrolls of teleportation for 171 gold pieces
 29802 | Elf:1    | Bought a scroll of teleportation for 57 gold pieces
 29802 | Elf:1    | Bought a scroll of teleportation for 57 gold pieces
 29802 | Elf:1    | Bought a scroll of teleportation for 57 gold pieces
 29802 | Elf:1    | Bought a scroll of teleportation for 57 gold pieces
 29812 | Elf:1    | Noticed zazu2006's ghost (adept GnWn)
 29832 | Elf:1    | Paralysed by an air elemental for 1 turns
 29879 | Elf:1    | Reached skill level 5 in Necromancy
 29892 | Elf:1    | Reached skill level 15 in Stealth
 29905 | Elf:1    | Found a magical portal.
 29914 | WizLab   | Entered Cigotuvi's Fleshworks
 30565 | WizLab   | Paralysed by a floating eye for 3 turns
 30782 | WizLab   | Found the -2 hat of the Alchemist {rElec rPois rF+ rC+ rN+
                  | Will+ rMut rCorr}
 31339 | WizLab   | Got Cigotuvi's Reference Book on Ghastly Shape Shifting
 31350 | WizLab   | Noticed Cigotuvi's Monster
 31409 | WizLab   | Killed Cigotuvi's Monster
 32543 | Elf:1    | Reached XP level 17. HP: 102/102 MP: 11/23
 32620 | Elf:1    | Reached skill level 10 in Necromancy
 33007 | Elf:1    | Bought a scroll of identify for 38 gold pieces
 33367 | Elf:2    | Reached skill level 5 in Spellcasting
 34216 | Elf:2    | Paralysed by an air elemental for 1 turns
 34219 | Elf:2    | Paralysed by an air elemental for 1 turns
 34222 | Elf:2    | Paralysed by an air elemental for 1 turns
 34233 | Elf:2    | Paralysed by an air elemental for 1 turns
 34505 | Elf:2    | Found a runed translucent gate.
 34505 | Elf:2    | Found a runed translucent gate.
 34505 | Elf:2    | Found a runed translucent gate.
 35274 | Elf:1    | Bought a scroll of enchant weapon for 142 gold pieces
 35321 | Elf:3    | Entered Level 3 of the Elven Halls
 35685 | Elf:3    | Reached skill level 10 in Conjurations
 35920 | Elf:3    | Found Xenniz's Armour Boutique.
 36633 | Elf:3    | Reached XP level 18. HP: 107/107 MP: 15/28
 36647 | Elf:3    | Noticed a deep elf master archer
 36650 | Elf:3    | Noticed a deep elf blademaster
 36656 | Elf:3    | Killed a deep elf master archer
 36657 | Elf:3    | Killed a deep elf blademaster
 36709 | Elf:3    | Noticed a deep elf master archer
 36724 | Elf:3    | Shot with an arrow by a deep elf master archer

Illustrated notes

Levels and vault maps discovered:
D:1:      erik_arrival_cave_to_civilisation [erik_arrival_cave_to_hall],
          layout_basic, minmay_tetromino_t2
D:2:      layout_loops_cross, serial_shops, nicolae_shop_behind_doors,
          ebering_ecumenical_altar_ruins
D:3:      layout_loops_ring, nicolae_dithmenos_through_a_glass_darkly,
          hangedman_feature_mirror, uniq_terence, uniq_crazy_yiuf_cottage,
          uniq_robin
D:4:      layout_basic, grunt_temple_overflow_open, st_stairs_5,
          roderic_lattice_a, minmay_surrounded
D:5:      layout_basic, enter_ossuary_5, serial_shops,
          nicolae_shop_hallway_stairs, shop
D:6:      layout_cave_pools, mainiacjoe_overflow_catwalk, serial_shops,
          kennysheep_little_box, grunt_decor_junction, uniq_sigmund
D:7:      layout_rooms, minmay_temple_entry_waves, chequers_arboretum,
          uniq_joseph
D:8:      layout_basic, dpeg_lair_monsters, serial_ice, serial_ice_f,
          serial_ice_j, serial_ice_h, serial_ice_g, serial_ice_c, serial_ice_b,
          uniq_psyche, uniq_grum
D:9:      layout_cross, kennysheep_mini, kiku_gazebo_garden_becter
D:10:     layout_roguey, serial_shops, nicolae_stop_n_shop_2
D:11:     layout_basic, serial_ice, serial_ice_o, serial_ice_d, serial_ice_l,
          serial_ice_e, serial_ice_n, serial_ice_b, serial_ice_m,
          gammafunk_ghost_smash
D:12:     layout_irregular_city, david_orc_3,
          hangedman_abyss_or_decor_lesser_grid, serial_park_tiny_pond,
          uniq_snorg
D:13:     layout_cave_pools
D:14:     layout_basic, skrybe_vaults_entry_preservation,
          dreamdust_princess_corridor, minmay_fire_ice_demons, uniq_kirke
D:15:     hangedman_depths_entry_civil_slaughter, layout_basic, led_sif_pool,
          uniq_azrael
Temple:   minmay_temple_bridge_abc
Lair:1:   layout_chaotic_city, serial_bayou_ford_a
Lair:2:   layout_hall_layers, grunt_forest_large_clearing_hut,
          infiniplex_staircase_pool_2, serial_bayou_shore_a
Lair:3:   layout_regular_city, swamp_mist_pool, lemuel_oklob_altar, uniq_urug,
          uniq_fannar, uniq_amaemon
Lair:4:   gammafunk_indiana_jones, layout_regular_city,
          minmay_snake_entry_guardpost_small, enter_volcano_3
Lair:5:   wad_woods_stonehenge, layout_misc_corridors,
          infiniplex_staircase_pool, uniq_rupert
Lair:6:   minmay_lair_end_frog_pond, layout_cave_pods, slime_dummy,
          serial_bayou_shore_b
Orc:1:    layout_diamond_mine, statue_in_the_mist_lemuel
Orc:2:    grunt_orc_cross, layout_caves, basic_altar, serial_shops, shop,
          mines2_david
Elf:1:    elf_arrival_001, layout_geoelf_grid, gammafunk_ghost_split,
          mu_enter_wizlab_4, serial_shops, nicolae_shop_crystal,
          minmay_elf_crystal_hexagon
Elf:2:    nicolae_elf_blades_splatter_lattice [nicolae_blade_entry_pointy_end],
          layout_gridlike, nicolae_elf_loose_elemental_storage
Elf:3:    minmay_elf_hall_furrowed, layout_gridlike, serial_shops, shop,
          st_stairs_13, grunt_megastairs_2

Skill      XL: |  1  2  3  4  5  6  7  8  9 10 11 12 13 14 15 16 17 18 |
---------------+-------------------------------------------------------+-----
Earth Magic    | 4 5 6 7 8 10 11 13 | 13.9
Stealth        | 3 4 5 6 7 9 11 14 15 | 15.0
Invocations    | 2 5 6 9 |  9.0
Throwing       | 2 4 6 |  6.0
Evocations     | 3 5 |  5.0
Transmutations | 1 4 6 7 |  7.8
Conjurations   | 3 6 10 11 | 11.5
Dodging        | 6 8 10 | 10.0
Shields        | 5 8 10 | 10.0
Fighting       | 6 9 10 | 10.0
Spellcasting   | 4 7 |  7.5
Necromancy     | 3 9 10 | 10.0

Action                   |  1- 3 |  4- 6 |  7- 9 | 10-12 | 13-15 | 16-18 || total
-------------------------+-------+-------+-------+-------+-------+-------++-------
Melee: Dagger            |    87 |    21 |       |    86 |   982 |    93 ||  1269
       Punch             |     1 |       |     2 |       |       |       ||     3
       Mace              |       |    45 |   103 |     5 |       |       ||   153
       Whip              |       |       |       |     6 |       |       ||     6
       Quick blade       |       |       |       |       |       |    20 ||    20
Throw: Dart              |       |     2 |     9 |     2 |    17 |       ||    30
       Throwing net      |       |       |     2 |     6 |       |       ||     8
       Stone             |       |       |       |     1 |       |       ||     1
 Cast: Sandblast         |    24 |    37 |    49 |   145 |   178 |    68 ||   501
       Passwall          |       |     2 |       |     2 |     2 |       ||     6
       Stone Arrow       |       |       |    22 |    48 |   103 |   154 ||   327
       Petrify           |       |       |       |    35 |   187 |     2 ||   224
       Lee's Rapid Decon |       |       |       |       |    79 |   120 ||   199
       Borgnjor's Vile C |       |       |       |       |       |   100 ||   100
Invok: Channel Magic     |       |       |       |     3 |    24 |    39 ||    66
Evoke: Wand              |       |       |    16 |    10 |    20 |     5 ||    51
       Box of beasts     |       |       |       |       |     2 |       ||     2
       Phial of floods   |       |       |       |       |       |     1 ||     1
  Use: Scroll            |       |     1 |     7 |    16 |    26 |     8 ||    58
       Potion            |       |     1 |     1 |     2 |       |     4 ||     8
 Stab: Sleeping          |     6 |     3 |    14 |       |    16 |     6 ||    45
       Petrified         |       |       |       |    65 |   252 |     2 ||   319
       Distracted        |       |       |       |     1 |       |       ||     1
       Petrifying        |       |       |       |       |    17 |       ||    17
Armor: Robe              |    37 |    28 |    53 |   121 |   500 |   119 ||   858
       Skin              |       |     5 |       |       |       |       ||     5
Dodge: Dodged            |    64 |    53 |    89 |   135 |   688 |   150 ||  1179
Block: Buckler           |       |       |       |       |   242 |    65 ||   307

Table legend: (Time is in decaauts)
 A = Elapsed time spent in this place.
 B = Non-inter-level travel time spent in this place.
 C = Inter-level travel time spent in this place.
 D = Time resting spent in this place.
 E = Time spent auto-exploring this place.
 F = Levels seen in this place.
 G = Mean time per level.
                   A        B        C        D        E       F      G
               +--------+--------+--------+--------+--------+-----+--------+
         Total |  36872 |  34720 |   2152 |   9164 |  14926 |  29 | 1271.4 |
       Dungeon |  16725 |  15618 |   1107 |   3639 |   7643 |  15 | 1115.0 |
        Temple |     74 |     46 |     28 |      0 |     41 |   1 |   74.0 |
          Lair |   9794 |   9237 |    557 |   2479 |   4016 |   6 | 1632.3 |
  Orcish Mines |   2459 |   2282 |    177 |    591 |    873 |   2 | 1229.5 |
   Elven Halls |   5239 |   4957 |    282 |   1581 |   1852 |   3 | 1746.3 |
       Ossuary |    732 |    732 |      0 |    199 |    329 |   1 |  732.0 |
        Wizlab |   1846 |   1846 |      0 |    675 |    171 |   1 | 1846.0 |
               +--------+--------+--------+--------+--------+-----+--------+

Top non-repeatable levels by time:
  Lair:6: 2602 daAuts
   Elf:2: 2080 daAuts
    D:11: 2069 daAuts
     D:8: 2052 daAuts
    D:14: 1870 daAuts
  WizLab: 1846 daAuts
  Lair:3: 1829 daAuts
   Elf:1: 1762 daAuts
   Orc:2: 1756 daAuts
  Lair:4: 1577 daAuts
    D:12: 1426 daAuts
  Lair:5: 1421 daAuts
   Elf:3: 1397 daAuts
  Lair:2: 1261 daAuts
     D:1: 1128 daAuts
